 Dungeon Crawl Stone Soup version 0.27-a0-660-g90476cec82 (webtiles) character file.

Game seed: 13552399278777589465

4632 nightchill the Spear-Bearer (level 10, -11/91 HPs)
             Began as a Merfolk Gladiator on Mar 12, 2021.
             Was a Believer of Ashenzari.
             Killed from afar by Harold (15 damage)
             ... with a bolt of acid
             ... on level 10 of the Dungeon on Mar 16, 2021.
             The game lasted 00:24:54 (12255 turns).

nightchill the Spear-Bearer (Merfolk Gladiator)    Turns: 12255, Time: 00:24:55

Health: -11/91     AC: 11    Str: 17    XL:     10   Next: 43%
Magic:  11/11      EV: 11    Int: 10    God:    Ashenzari [**....]
Gold:   522        SH:  5    Dex: 16    Spells: 9/9 levels left

rFire    . . .     SeeInvis +   w - +3 halberd
rCold    . . .     Faith    .   (shield currently unavailable)
rNeg     . . .     Spirit   .   A - +4 scale mail "Enigmatic Inconvenience" {Melee, Comp} (curse)
rPois    .         Reflect  +   (helmet restricted)
rElec    .         Harm     .   i - scarf of the Ruined Portent {shadows, Elem, Melee} (curse)
rCorr    .         Rampage  .   s - +0 pair of gloves of the Cryptic Comet {Alch, Bglg} (curse)
Will     .....     Clarity  +   (no boots)
Stlth    ..........             c - amulet "Eternal Seer" {Reflect SH+5, Fort, Melee} (curse)
HPRegen  0.25/turn              (no ring)
MPRegen  0.12/turn              (no ring)

@: marked
A: (nimble swimmer 2), mertail, horns 1, clarity, high mp 1, strong 1
a: Renounce Religion, Shatter the Chains


You were on level 10 of the Dungeon.
You worshipped Ashenzari.
Ashenzari was pleased with you.
You visited 2 branches of the dungeon, and saw 11 of its levels.
You also visited: Ossuary.

You collected 522 gold pieces.

Inventory:

Hand Weapons
 w - a +3 halberd (weapon)
 C - a +0 trident
Missiles
 d - 4 throwing nets (quivered)
Armour
 i - the cursed scarf of the Ruined Portent (worn) {shadows, Elem, Melee}
   (You found it on level 1 of the Dungeon)

   It has a curse placed upon it.
 s - the cursed +0 pair of gloves of the Cryptic Comet (worn) {Alch, Bglg}
   (You found it on level 3 of the Dungeon)

   It has a curse placed upon it.
 A - the cursed +4 scale mail "Enigmatic Inconvenience" (worn) {Melee, Comp}
   (You found it on level 5 of the Dungeon)

   It has a curse placed upon it.
 D - a +0 cloak
 I - a +3 chain mail
Jewellery
 c - the cursed amulet "Eternal Seer" (around neck) {Reflect SH+5, Fort, Melee}
   (You found it on level 4 of the Dungeon)

   [amulet of reflection]

   It shields you and reflects attacks.
   It affects your SH (+5).
   It has a curse placed upon it.
Wands
 b - a wand of digging (2)
 o - a wand of iceblast (6)
 y - a wand of paralysis (8)
 B - a wand of flame (15)
 E - a wand of polymorph (7)
 F - a wand of mindburst (5)
Scrolls
 f - 4 scrolls of teleportation
 g - 3 scrolls of immolation
 j - a scroll of magic mapping
 k - 3 scrolls of amnesia
 m - a scroll of blinking
 n - a scroll of fear
 p - 2 scrolls of noise
 u - 5 scrolls of identify
 v - 3 scrolls of random uselessness
Potions
 e - a potion of brilliance
 h - a potion of cancellation
 l - a potion of heal wounds
 q - a potion of mutation
 r - 2 potions of degeneration
 t - 2 potions of curing
 x - a potion of might
 z - a potion of resistance


   Skills:
 + Level 12.9 Fighting
 + Level 12.9(15.5) Polearms
 - Level 2.0 Throwing
 - Level 4.0 Dodging


You had 9 spell levels left.
You didn't know any spells.
Your spell library contained the following spells:

 Spells                   Type           Power      Damage    Failure   Level
 Cause Fear               Hex            0%         N/A       100%        4
 Silence                  Hex/Air        0%         N/A       100%        5
 Yara's Violent Unravell  Hex/Tmut       0%         3d3       100%        5
 Discord                  Hex            0%         N/A       100%        8


Dungeon Overview and Level Annotations

Branches:
Dungeon (10/15)            Temple (1/1) D:4         Ossuary (visited)
   Lair: D:8-11         Orc: D:9-12

Altars:
Ashenzari
Cheibriados
Dithmenos
Elyvilon
Fedhas
Gozag
Hepliaklqana
Kikubaaqudgha
Makhleb
Nemelex Xobeh
Okawaru
Qazlal
Ru
Sif Muna
Trog
Uskayaw
Vehumet
Wu Jian
Xom
Yredelemnul
Zin
The Shining One

Shops:
D:9 (

Annotations:
D:4 exclusion: downstairs
D:10 Harold


Innate Abilities, Weirdness & Mutations

((You are quick and stealthy while swimming. (Stealth+, EV+, Speed+++)))
Your lower body shifts to a powerful aquatic tail in water.
You have a pair of small horns on your head.
You possess an exceptional clarity of mind.
You have an increased reservoir of magic. (+10% MP)
Your muscles are strong. (Str +2)


Message History

You see here a +0 spear.
You reach to attack!
You puncture Harold!
Harold is lightly wounded.
You reach to attack!
You hit Harold but do no damage.
Harold is lightly wounded.
An ogre comes into view. It is wielding a +0 giant spiked club.
Harold fires a harpoon shot at you. The harpoon shot hits you!
You are yanked forward by the harpoon shot.
The ogre shouts!
You barely miss Harold.
Harold is lightly wounded.
Harold zaps a wand.
The bolt of acid hits you!
You are splashed with acid!
You are too injured to fight recklessly!
You are too injured to fight recklessly!
You are too injured to fight recklessly!
You hit Harold.
Harold is lightly wounded.
Your cursed scale mail "Enigmatic Inconvenience" prevents you from hitting Harold.
Your headbutt misses Harold.
Harold is lightly wounded.
Harold hits you with a +0 scimitar!!
* * * LOW HITPOINT WARNING * * *
Harold zaps a wand.
The bolt of acid hits you!
* * * LOW HITPOINT WARNING * * *
You are splashed with acid!
* * * LOW HITPOINT WARNING * * *
Harold throws a throwing net.
The throwing net hits you.
You become entangled in the net!
There is a stone staircase leading up here.
You see here a throwing net.
You struggle against the net.
Harold gestures at you while chanting. A sentinel's mark forms upon you.
You struggle against the net.
The ogre hits you with a +0 giant spiked club!
* * * LOW HITPOINT WARNING * * *
You shred the net and break free! The ogre misses you.
Harold zaps a wand.
The bolt of acid hits you!
You die...

#.........#
#.........#
, ,
#.........#,
,
#.........#
#.........#
, ,
#.........#
#.........#
, *
#....O@...#
,
#....@....#,
,
#.........#,
#.........#
, ,
#.........#
,
#.........#
, ,
#.........#
,
#.........#
,, , , , , ,
, ,


You could see Harold and an ogre.

Vanquished Creatures
  Pikel (D:9)
  A troll (D:9)
  A water moccasin (D:7)
  A black bear (D:8)
  3 orc warriors
  2 ice beasts (D:8)
  A hornet zombie (D:7)
  3 ogres
  A necrophage (D:9)
  4 centaurs
  2 phantoms
  An elf zombie (Ossuary)
  A scorpion (D:5)
  6 killer bees (D:8)
  9 wights (D:9)
  An electric eel (D:6)
  5 howler monkeys
  A bullfrog zombie (D:7)
  3 centaur zombies
  5 hounds
  A jelly (D:5)
  5 orc priests
  2 bullfrog skeletons
  3 human zombies (Ossuary)
  A gnoll shaman (D:4)
  An iguana (D:8)
  10 orc wizards
  5 worker ants
  2 hound zombies (Ossuary)
  3 mummies (Ossuary)
  6 gnolls
  10 adders
  A shadow imp (D:5)
  A white imp (D:8)
  2 ufetubi
  3 oozes
  5 adder zombies
  2 worms
  A dart slug (D:1)
  3 leopard geckos
  25 orcs
  A ball python (D:3)
  7 bats
  7 giant cockroaches
  8 goblins
  6 hobgoblins
  8 jackals
  14 kobolds
  4 quokkas
  10 frilled lizards
  A goblin zombie (Ossuary)
  2 hobgoblin zombies (Ossuary)
  2 jackal zombies (Ossuary)
  6 kobold zombies (Ossuary)
  2 orc zombies (Ossuary)
  A quokka skeleton (D:5)
  3 quokka zombies (Ossuary)
  10 rats
  5 rat zombies (Ossuary)
241 creatures vanquished.

Vanquished Creatures (others)
  A fungus (D:5)
  6 plants (D:5)
7 creatures vanquished.

Grand Total: 248 creatures vanquished

Notes
Turn   | Place    | Note
-------+----------+-------------------------------------------
     0 | D:1      | nightchill the Merfolk Gladiator began the quest for the
                  | Orb.
     0 | D:1      | Reached XP level 1. HP: 16/16 MP: 1/1
   188 | D:1      | Reached XP level 2. HP: 23/23 MP: 2/2
   190 | D:1      | Reached skill level 5 in Polearms
   659 | D:1      | Reached XP level 3. HP: 27/28 MP: 3/3
  1141 | D:2      | Reached XP level 4. HP: 29/35 MP: 4/4
  2142 | D:3      | Reached XP level 5. HP: 36/41 MP: 5/5
  2214 | D:3      | Found a hazy altar of Hepliaklqana.
  2555 | D:4      | Found an opulent altar of Gozag.
  2639 | D:4      | Found a sand-covered staircase.
  2643 | Ossuary  | Entered an ossuary
  2972 | Ossuary  | Upgraded the game from 0.27-a0-604-g29a88b33a7 to
                  | 0.27-a0-660-g90476cec82
  3014 | Ossuary  | Reached XP level 6. HP: 39/48 MP: 6/6
  3328 | Ossuary  | Reached XP level 7. HP: 31/55 MP: 7/7
  3885 | D:4      | Gained mutation: You have a pair of small horns on your
                  | head. [potion of mutation]
  3885 | D:4      | Gained mutation: You have an increased reservoir of magic.
                  | (+10% MP) [potion of mutation]
  3885 | D:4      | Gained mutation: Your muscles are strong. (Str +2) [potion
                  | of mutation]
  3885 | D:4      | Gained mutation: You possess an exceptional clarity of
                  | mind. [potion of mutation]
  4208 | D:4      | Reached skill level 5 in Fighting
  4347 | D:4      | Reached skill level 10 in Polearms
  4631 | D:4      | Found a staircase to the Ecumenical Temple.
  4639 | Temple   | Entered the Ecumenical Temple
  4692 | Temple   | Became a worshipper of Ashenzari the Shackled
  5380 | D:5      | Entered Level 5 of the Dungeon
  5524 | D:5      | Found a shimmering blue altar of Sif Muna.
  6043 | D:5      | Found a sacrificial altar of Ru.
  6167 | D:5      | Reached XP level 8. HP: 5/64 MP: 8/8
  6835 | D:5      | Found a shadowy altar of Dithmenos.
  7743 | D:6      | Found a bloodstained altar of Trog.
  7930 | D:6      | Reached * piety under Ashenzari
  8620 | D:7      | Found a glowing silver altar of Zin.
  8622 | D:7      | Found an ornate altar of the Wu Jian Council.
  8659 | D:7      | Reached ** piety under Ashenzari
  8693 | D:7      | Reached XP level 9. HP: 65/72 MP: 9/9
  9652 | D:8      | Found a bloodstained altar of Trog.
 10118 | D:8      | Reached skill level 10 in Fighting
 10370 | D:8      | Found a glowing golden altar of the Shining One.
 10660 | D:8      | Reached *** piety under Ashenzari
 10721 | D:9      | Found a radiant altar of Vehumet.
 10970 | D:9      | Reached XP level 10. HP: 67/88 MP: 11/11
 11484 | D:9      | Found Uwonex's Antique Weapon Shoppe.
 12183 | D:9      | Noticed Pikel
 12186 | D:9      | Killed Pikel
 12243 | D:10     | Entered Level 10 of the Dungeon
 12243 | D:10     | Noticed Harold
 12253 | D:10     | HP: 4/91 [ogre/+0 giant spiked club (12)]
 12255 | D:10     | Killed from afar by Harold

Illustrated notes

Levels and vault maps discovered:
D:1:      eino_arrival_tree_alley, layout_basic, chequers_decorated_corner,
          minmay_unequal
D:2:      layout_rooms
D:3:      layout_rooms, lemuel_coloured_pillars_altar
D:4:      layout_cave_pods, nicolae_gozag_cash_rules_everything_around_me,
          minmay_temple_entry_grid, enter_ossuary_5
D:5:      layout_cave_pools, led_sif_pool, nicolae_ru_the_path_less_chosen,
          kennysheep_mini_moat, grunt_tough_drop
D:6:      layout_cave_pools, kennysheep_cluttered_room, trog_hazing_becter
D:7:      cheibrodos_quashed, layout_rooms,
          chequers_temple_overflow_statue_of_worship
D:8:      layout_cave_pods, tso_oasis_becter, lemuel_crystal_altar,
          serial_park_tiny_2
D:9:      layout_gridville, nicolae_overflow_crystal_walls, serial_shops, shop,
          uniq_pikel
D:10:     layout_gridville, basic_altar, uniq_harold, uniq_grum, uniq_gastronok
Temple:   nicolae_temple_x_marks_the_god

Skill      XL: |  1  2  3  4  5  6  7  8  9 10 |
---------------+-------------------------------+-----
Polearms       | 5 6 7 8 9 11 12 | 12.9
Fighting       | 3 4 6 7 11 12 | 12.9
Throwing       | |  2.0
Dodging        | |  4.0

Action                   |  1- 3 |  4- 6 |  7- 9 | 10-12 || total
-------------------------+-------+-------+-------+-------++-------
Melee: Trident           |   124 |   306 |   501 |   124 ||  1055
       Headbutt          |       |       |    71 |    16 ||    87
       Halberd           |       |       |       |     5 ||     5
       Punch             |       |       |       |     1 ||     1
Throw: Throwing net      |       |       |       |     1 ||     1
Invok: Curse Item        |       |       |     5 |       ||     5
       Shatter the Chain |       |       |       |     1 ||     1
Evoke: Wand              |       |       |       |     3 ||     3
  Use: Potion            |       |       |     4 |     1 ||     5
 Stab: Distracted        |       |     1 |       |       ||     1
       Invisible         |       |       |     8 |       ||     8
       Held in net/web   |       |       |       |     2 ||     2
Armor: Leather armour    |    16 |       |       |       ||    16
       Ring mail         |    10 |    69 |    28 |       ||   107
       Scale mail        |     3 |       |    76 |    19 ||    98
Dodge: Dodged            |    57 |   148 |   191 |    26 ||   422
Block: Other             |       |       |    25 |    15 ||    40
       Reflection        |       |       |     1 |     3 ||     4

Table legend: (Time is in decaauts)
 A = Elapsed time spent in this place.
 B = Non-inter-level travel time spent in this place.
 C = Inter-level travel time spent in this place.
 D = Time resting spent in this place.
 E = Time spent auto-exploring this place.
 F = Levels seen in this place.
 G = Mean time per level.
                   A        B        C        D        E       F      G
               +--------+--------+--------+--------+--------+-----+--------+
         Total |  12017 |  11164 |    853 |   4441 |   4864 |  12 | 1001.4 |
       Dungeon |  10901 |  10071 |    830 |   3850 |   4596 |  10 | 1090.1 |
        Temple |    103 |     80 |     23 |      0 |     72 |   1 |  103.0 |
       Ossuary |   1011 |   1011 |      0 |    591 |    196 |   1 | 1011.0 |
               +--------+--------+--------+--------+--------+-----+--------+

Top non-repeatable levels by time:
     D:5: 1995 daAuts
     D:4: 1658 daAuts
     D:8: 1237 daAuts
     D:9: 1235 daAuts
     D:1: 1069 daAuts
     D:3: 1048 daAuts
     D:6: 1035 daAuts
 Ossuary: 1011 daAuts
     D:7: 810 daAuts
     D:2: 800 daAuts
  Temple: 103 daAuts
    D:10: 10 daAuts
